 Dungeon Crawl Stone Soup version 0.21.0-24-g2553a3340b (webtiles) character file.

1249615 kmx the Grand Master (level 27, -14/202 HPs)
             Began as a Vine Stalker Monk on Jan 20, 2018.
             Was the Champion of Cheibriados.
             Engulfed by a cloud of freezing vapour (21 damage)
             ... in Pandemonium on Jan 22, 2018.
             The game lasted 05:20:27 (90142 turns).

kmx the Grand Master (Vine Stalker Monk)           Turns: 90142, Time: 05:20:28

Health: -14/202    AC: 35    Str: 30      XL:     27
Magic:  0/58       EV: 47    Int: 28 (30) God:    Cheibriados [******]
Gold:   9836       SH: 11    Dex: 38      Spells: 18/80 levels left

rFire    + + .     SeeInvis .     - Unarmed
rCold    . . .     Gourm    .   k - +3 buckler {rN+}
rNeg     + + +     Faith    .   (armour currently unavailable)
rPois    ∞         Spirit   +   (helmet restricted)
rElec    +         Reflect  .   L - +2 ratskin cloak {+Rats rPois rN+ Str-1 Int-1 Dex+1}
rCorr    .         Harm     .   (gloves currently unavailable)
MR       +++..     Clarity  +   (boots currently unavailable)
Stlth    ++++......             R - amulet "Gylafufi" {RegenMP rElec Dex+4 Slay+2}
HPRegen  2.23/turn              p - ring "Tusyut" {rF++ MP+9}
MPRegen  0.61/turn              C - +5 ring of evasion

@: statue-form (expiring), regenerating, drained, very slow
A: fangs 3, horns 1, camouflage 1, blurry vision 2, clarity, clumsy 2,
deterioration 1, frail 1, low mp 1, regeneration 2, magic shield, antimagic
bite, no potion heal 3, rot immunity, subdued magic 1, MP-powered wands
}: 11/15 runes: barnacled, silver, golden, iron, bone, abyssal, demonic,
glowing, magical, fiery, dark
a: End Transformation, Bend Time, Temporal Distortion, Slouch, Step From Time,
Renounce Religion, Evoke Ratskin


You were in Pandemonium.
You worshipped Cheibriados.
Cheibriados was exalted by your worship.
You were not hungry.
You were a stone statue.
You visited 14 branches of the dungeon, and saw 70 of its levels.
You visited Pandemonium 1 time, and saw 16 of its levels.
You visited the Abyss 3 times.

You collected 13556 gold pieces.
You spent 3720 gold pieces at shops.

Inventory:

Missiles
 H - 6 throwing nets (quivered)
Armour
 i - the +4 faerie dragon scales (melded) {rC+ rCorr Int+5}
   (You took it off the Enchantress on level 1 of the Depths)

   It affects your intelligence (+5).
   It protects you from cold.
   It protects you from acid and corrosion.
 k - a +3 buckler of positive energy (worn)
 n - the +0 pair of gloves of Ecuec (melded) {Regen+ Str-4 Int+6 Stlth+}
   (You acquired it in Pandemonium)

   It affects your strength (-4).
   It affects your intelligence (+6).
   It increases your rate of regeneration.
   It makes you more stealthy.
 y - a +1 pair of gloves of archery
 E - the +1 helmet "Enujidgh" {*Drain rPois Str+4 Slay+4}
   (You found it on level 3 of the Elven Halls)

   It affects your strength (+4).
   It affects your accuracy and damage with ranged weapons and melee attacks
   (+4).
   It protects you from poison.
   It causes draining when unequipped.
 L - the +2 ratskin cloak (worn) {+Rats rPois rN+ Str-1 Int-1 Dex+1}
   (You found it on level 4 of the Depths)

   It affects your strength (-1).
   It affects your intelligence (-1).
   It affects your dexterity (+1).
   It protects you from poison.
   It protects you from negative energy.
 Y - a +2 pair of boots (melded)
Jewellery
 l - a +6 amulet of reflection
 o - an uncursed ring of protection from magic
 p - the ring "Tusyut" (left hand) {rF++ MP+9}
   (You found it in Pandemonium)

   [ring of magical power]

   It greatly protects you from fire.
   It affects your magic capacity (+9).
 C - a +5 ring of evasion (right hand)
 R - the amulet "Gylafufi" (around neck) {RegenMP rElec Dex+4 Slay+2}
   (You found it in Pandemonium)

   [amulet of magic regeneration]

   It increases your magic regeneration.
   It affects your dexterity (+4).
   It affects your accuracy and damage with ranged weapons and melee attacks
   (+2).
   It insulates you from electricity.
 T - the ring of Toobum {*Contam rF- rN+ Int+5 Dex+7}
   (You found it on level 7 of the Iron City of Dis)

   [ring of intelligence]

   It affects your intelligence (+5).
   It affects your dexterity (+7).
   It makes you vulnerable to fire.
   It protects you from negative energy.
   It causes magical contamination when unequipped.
Wands
 s - a wand of clouds (9)
 A - a wand of scattershot (3)
 G - a wand of polymorph (14)
 O - a wand of iceblast (51)
 S - a wand of enslavement (31)
 W - a wand of digging (54)
Scrolls
 a - 2 scrolls of summoning
 c - 9 scrolls of identify
 f - 12 scrolls of teleportation
 g - a scroll of amnesia
 v - 10 scrolls of immolation
 w - 11 scrolls of fear
 x - 12 scrolls of blinking
 D - 7 scrolls of magic mapping
 M - 29 scrolls of remove curse
 Q - 8 scrolls of fog
 Z - 5 scrolls of silence
Potions
 e - a potion of resistance
 h - 30 potions of curing
 m - 9 potions of agility
 r - 6 potions of might
 u - a potion of flight
 F - 10 potions of brilliance
 I - 5 potions of magic
 K - 3 potions of cancellation
 N - a potion of invisibility
 U - a potion of ambrosia
Books
 j - a book of Clouds

   Spells                             Type                      Level
   a - Poisonous Vapours              Poison/Air                   2
   b - Mephitic Cloud                 Conjuration/Poison/Air       3
   c - Conjure Flame                  Conjuration/Fire             3
   d - Freezing Cloud                 Conjuration/Ice/Air          6
   e - Ring of Flames                 Charms/Fire                  7
 B - a book of Ice

   Spells                             Type                      Level
   a - Ice Form                       Ice/Transmutation            4
   b - Metabolic Englaciation         Hexes/Ice                    5
   c - Ozocubu's Refrigeration        Ice                          6
   d - Bolt of Cold                   Conjuration/Ice              6
   e - Freezing Cloud                 Conjuration/Ice/Air          6
   f - Simulacrum                     Ice/Necromancy               6
Miscellaneous
 d - a lightning rod (4/4)
 q - 3 boxes of beasts
 t - a lamp of fire (inert)
 z - 5 phantom mirrors
 J - a crystal ball of energy
 P - a figurine of a ziggurat
 V - 6 sacks of spiders
 X - a fan of gales
Comestibles
 b - 91 rations


   Skills:
 O Level 27(26.6) Fighting
 + Level 12.3(12.0) Armour
 + Level 26.7(26.4) Dodging
 - Level 2.4(2.2) Stealth
 - Level 5.0(4.8) Shields
 O Level 27(26.6) Unarmed Combat
 O Level 27(26.6) Spellcasting
 - Level 12.3(12.1) Transmutations
 - Level 25.6(25.2) Earth Magic
 - Level 15.3(15.0) Invocations
 + Level 13.8(13.6) Evocations


You had 18 spell levels left.
You knew the following spells:

 Your Spells              Type           Power        Failure   Level  Hunger
a - Regeneration          Chrm/Necr      ####......   1%          3    None
b - Shatter               Erth           #######...   3%          9    #####..
c - Statue Form           Tmut/Erth      #######..    1%          6    None
d - Irradiate             Conj/Tmut      ######....   1%          5    None
e - Dragon Form           Tmut           ######....   3%          7    None
f - Confusing Touch       Hex            ####..       1%          1    None
g - Vampiric Draining     Necr           ####......   1%          3    None
h - Blink                 Tloc           N/A          1%          2    None
i - Shroud of Golubria    Chrm/Tloc      ####......   1%          2    None
j - Song of Slaying       Chrm           ####....     1%          2    None
k - Bolt of Magma         Conj/Fire/Erth ######....   1%          5    None
m - Monstrous Menagerie   Summ           ####......   99%         7    None
n - Borgnjor's Vile Clut  Necr/Erth      ######....   1%          5    None
o - Dispel Undead         Necr           ####....     17%         5    None


Dungeon Overview and Level Annotations

Branches:
Dungeon (15/15)            Temple (0/1) D:4            Lair (6/6) D:11
 Shoals (4/4) Lair:4       Spider (4/4) Lair:4        Slime (0/5) Lair:6
    Orc (2/2) D:10            Elf (3/3) Orc:2        Vaults (5/5) D:13
  Crypt (3/3) Vaults:3       Tomb (3/3) Crypt:3      Depths (5/5) D:15
   Hell (1/1)                 Dis (7/7) Hell            Geh (0/7) Hell
    Coc (0/7) Hell            Tar (7/7) Hell            Zot (5/5) Depths:5

Altars:
Ashenzari
Cheibriados
Dithmenos
Fedhas
Gozag
Kikubaaqudgha
Makhleb
Qazlal
Ru
Sif Muna
Uskayaw
Vehumet
Wu Jian
Xom
Yredelemnul
The Shining One

Shops:
D:4 *   D:6 *   Orc:1 :*   Orc:2 *=!(}   Elf:1 [   Shoals:2 !}(:}   Shoals:3 ?
Shoals:4 (   Vaults:2 (   Vaults:4 (   Vaults:5 *   Depths:3 =}}

Portals:
Hell: Depths:1 Depths:2 Depths:3 Depths:4 Depths:5
Abyss: Depths:1 Depths:3 Depths:4
Pandemonium: Depths:2 Depths:3
Ziggurat: Depths:2
Trove: D:12 (give 8 potions of agility)

Annotations:
Pan Lom Lobon


Innate Abilities, Weirdness & Mutations

You have razor-sharp teeth.
You heal very quickly.
When hurt, damage is shared between your health and your magic reserves.
Your bite disrupts and absorbs the magic of your enemies.
Potions cannot restore your health.
You are immune to rotting.
You have a pair of small horns on your head.
Your skin changes colour to match your surroundings (Stealth+).
Scrolls take you longer to read.
You possess an exceptional clarity of mind.
You are very clumsy. (Dex -4)
Your body sometimes deteriorates upon taking damage.
You are frail. (-10% HP)
Your magical capacity is low. (-10% MP)
Your spells are a little easier to cast, but a little less powerful.
You expend magic power (3 MP) to strengthen your wands.


Message History

The blizzard demon is severely wounded.
The blizzard demon gestures at you. The freezing blast misses you.
Unknown command.
You pound the blizzard demon into fine dust!!!!
You kill the blizzard demon!
Cheibriados appreciates the change of pace.
You are engulfed in freezing vapours.
* * * LOW HITPOINT WARNING * * *
Unknown command.
Casting: Regeneration
Confirm with . or Enter, or press ? or * to list all spells.
Your skin crawls.
You are engulfed in freezing vapours.
Your transformation is almost over.
You are engulfed in freezing vapours.
* * * LOW HITPOINT WARNING * * *
Unknown command.
Your system rejects the healing.
You feel better.
You are engulfed in freezing vapours.
You die...

......... ###≈...)).≈≈≈###
......... #≈≈..÷....≈≈≈#
......... ##≈..[[.....≈≈#
.......≈≈ ...4≈4[)$..[..≈≈
.#...### #####≈≈≈≈......≈ .#####
############.##.≈....... .##
#≈≈≈≈≈≈≈≈≈≈≈≈≈≈≈≈≈....... ..##
#........§§§§.....)........
.)..#..........§8§..............
....†..≈≈≈≈≈≈≈≈§§§≈≈≈≈..........
......≈≈............≈≈.........≈
.....≈≈............≈≈.........
.....≈≈≈≈≈≈≈≈≈≈≈≈≈≈≈........≈≈
##..........?...........≈≈≈≈≈#
###≈≈≈≈≈≈≈≈≈≈≈≈≈≈≈≈≈≈≈≈≈#####
#####################


There were no monsters in sight!

Vanquished Creatures
  Cerebov (Pan)
  Gloorx Vloq (Pan)
  11 pandemonium lords (Pan)
  Ereshkigal (Tar:7)
  Mnoleg (Pan)
  Dispater (Dis:7)
  6 orbs of fire
  Khufu (Tomb:3)
  6 ancient liches
  Mennas (Vaults:5)
  2 juggernauts
  22 greater mummies
  8 Killer Klowns
  3 curse toes
  Geryon (Hell)
  A caustic shrike (Depths:1)
  Xtahua (Depths:4)
  28 golden dragons
  Nikola (Vaults:1)
  the Enchantress (Depths:1)
  19 bone dragons
  16 doom hounds
  Jory (Crypt:1)
  A hellephant (Pan)
  8 iron giants
  16 Brimstone Fiends
  3 electric golems
  14 Ice Fiends
  16 Hell Sentinels
  25 tentacled monstrosities
  50 Tzitzimimeh
  Rupert (Lair:3)
  25 Orb Guardians (Zot:5)
  A deep elf blademaster (Elf:3)
  11 liches
  A deep elf master archer (Elf:3)
  12 titans
  12 sphinxes
  16 quicksilver dragons
  10 death cobs
  5 eldritch tentacles
  36 Executioners
  2 krakens
  22 storm dragons
  A tentacled starspawn (Abyss:4)
  Kirke (D:12)
  25 ancient champions
  15 warmongers (Pan)
  4 revenants
  5 tengu reavers
  7 draconian monks
  12 shadow dragons
  A daeva (Pan)
  Ilsuiw (Shoals:4)
  10 iron dragons
  12 fire giants
  9 draconian knights
  9 deep elf sorcerers
  Aizul (Shoals:3)
  14 vault wardens
  An orc warlord (Vaults:4)
  14 frost giants
  10 draconian scorchers
  4 ghost moths
  31 balrugs
  6 draconian shifters
  39 cacodemons
  2 emperor scorpions
  12 corrupters (Pan)
  20 stone giants
  5 curse skulls
  9 draconian stormcallers
  3 deep elf elementalists (Elf:3)
  5 spriggan defenders
  79 reapers
  6 entropy weavers
  A ghoul (Crypt:3)
  12 very ugly things
  13 draconian annihilators
  11 vampire knights
  30 war gargoyles
  14 green draconians
  12 ironheart preservers
  10 black suns (Pan)
  Nessos (D:14)
  17 blood saints (Pan)
  23 lorocyprocas
  5 deep elf demonologists
  27 slime creatures
  12 deep elf annihilators
  12 black draconians
  Azrael (Spider:2)
  14 purple draconians
  12 yellow draconians
  9 red draconians
  14 spark wasps
  9 white draconians
  29 blizzard demons
  6 ettins
  11 deep elf death magi
  8 merfolk impalers
  18 green deaths
  5 merfolk javelineers
  26 mummy priests
  16 jiangshi
  4 crystal guardians
  14 fire dragons
  5 quicksilver dragon zombies
  An eidolon (Crypt:1)
  18 yaktaur captains
  Josephine (Shoals:1)
  A kraken zombie (Hell)
  8 great orbs of eyes
  A spectral kraken (Tar:7)
  16 deep elf high priests
  4 hydras
  15 rakshasas
  Fannar (D:11)
  The ghost of subsebi the Cleaver, a journeyman DsCK of Xom (Lair:2)
  Harold (Lair:2)
  4 quicksilver dragon skeletons
  24 monstrous demonspawn
  4 hell beasts
  47 vault guards
  13 ice dragons
  8 ghost crabs
  10 spriggan air magi
  4 death knights
  7 merfolk aquamancers
  43 death scarabs
  2 juggernaut simulacra (Pan)
  27 two-headed ogres
  4 satyrs
  8 merfolk avatars
  34 dancing weapons
  10 centaur warriors
  10 deep troll shamans
  6 tengu warriors
  A queen ant (shapeshifter) (Vaults:4)
  8 ogre magi
  A two-headed ogre (shapeshifter) (Depths:4)
  A queen ant (Lair:5)
  16 vampire magi
  4 hell hogs
  Urug (Lair:2)
  4 titan zombies
  6 orc high priests
  8 deep troll earth magi
  A thrashing horror (Abyss:3)
  17 iron golems (Dis:7)
  9 spriggan berserkers
  68 sun demons
  19 deep elf knights
  3 storm dragon zombies
  76 soul eaters
  Nergalle (Orc:1)
  3 wretched stars (Abyss:3)
  19 iron trolls
  184 skeletal warriors
  2 titan skeletons
  2 spatial maelstroms
  8 shadow wraiths
  A quicksilver dragon simulacrum (Crypt:2)
  26 hell knights
  3 death drakes
  18 torturous demonspawn (Pan)
  37 sixfirhies
  17 gelid demonspawn (Pan)
  2 glowing orange brains (shapeshifter)
  An unseen horror (shapeshifter) (Vaults:1)
  4 ghost moth zombies
  49 shadow demons
  41 deep trolls
  A sea snake (shapeshifter) (Elf:1)
  11 sea snakes
  A golden dragon zombie (Tomb:1)
  An iron giant skeleton (Crypt:2)
  3 glowing orange brains (Pan)
  10 infernal demonspawn (Pan)
  3 unseen horrors
  19 deep elf archers
  15 harpies
  16 flayed ghosts
  A harpy (shapeshifter) (Vaults:1)
  2 sphinx zombies
  5 anaconda zombies
  9 shadow dragon zombies
  18 necromancers
  15 phantasmal warriors
  24 ironbrand convokers
  9 wizards
  An orange crystal statue (Depths:1)
  3 wolf spider zombies
  4 anaconda skeletons
  8 orc sorcerers
  An oklob plant (Lair:4)
  20 orc knights
  7 frost giant zombies
  12 stone giant zombies
  13 orb spiders
  62 deep elf magi
  23 wolf spiders
  4 cyclopes
  9 fire giant zombies
  28 ugly things
  11 fauns
  3 shining eyes (Pan)
  2 worldbinders
  3 iron dragon zombies
  A salamander (Depths:4)
  7 fire giant skeletons
  32 moths of wrath
  28 elephants
  6 manticores
  23 vault sentinels
  4 stone giant skeletons
  4 iron dragon skeletons
  2 frost giant skeletons
  5 black mambas
  A torpor snail (shapeshifter) (Vaults:3)
  4 merfolk sirens
  6 ice statues
  A dire elephant zombie (Tar:5)
  6 eyes of devastation (Pan)
  45 rust devils
  2 spiny frogs (shapeshifter)
  A titan simulacrum (Crypt:2)
  3 water nymphs
  11 spectral swamp worms (Tar:7)
  2 eyes of devastation (shapeshifter)
  7 centaur skeletons
  2 torpor snails (Spider:2)
  50 orange demons
  75 smoke demons
  53 yaktaurs
  An alligator snapping turtle skeleton (Crypt:1)
  A shock serpent skeleton (Tar:4)
  13 spiny frogs
  A catoblepas zombie (Tar:7)
  3 dire elephant skeletons
  2 yaktaur zombies (Depths:1)
  A green draconian zombie (Crypt:1)
  5 rime drakes
  2 elf skeletons
  41 guardian mummies
  24 freezing wraiths
  38 hellions
  81 tormentors
  37 demonic crawlers
  7 komodo dragons
  5 swamp worm zombies (Crypt:1)
  12 efreet
  25 ice devils
  6 hydra zombies
  18 hellwings
  2 harpy zombies
  2 yellow draconian skeletons
  An iron troll skeleton (Dis:2)
  3 silent spectres
  8 trolls
  A meliai (shapeshifter) (Depths:4)
  35 red devils
  3 ancient zymes
  25 jumping spiders
  20 merfolk
  7 tengu conjurers
  A hornet (shapeshifter) (Elf:2)
  16 hornets
  A queen bee (Depths:4)
  29 blink frogs
  5 polar bears (Lair:6)
  21 wind drakes
  A harpy skeleton (Tar:7)
  4 hydra skeletons
  9 hippogriffs
  5 fire dragon zombies
  A meliai zombie (D:14)
  A minotaur skeleton (Pan)
  5 dream sheep (Lair:6)
  A fire giant simulacrum (Crypt:2)
  3 deep troll zombies
  6 snapping turtles
  3 alligator zombies
  3 raiju (Abyss:3)
  9 ettin zombies
  A hippogriff (shapeshifter) (Vaults:1)
  2 frost giant simulacra
  2 ice dragon zombies
  11 air elementals
  A redback (shapeshifter) (Depths:5)
  153 flying skulls
  35 shadows
  48 ynoxinuls
  18 tarantellas
  2 elf simulacra (Depths:4)
  5 ettin skeletons
  4 spriggans
  An ice dragon skeleton (Tomb:3)
  7 wyverns
  3 alligator skeletons
  63 redbacks
  30 water elementals
  16 ushabtiu (Tomb:3)
  A hog (D:12)
  29 wraiths
  A spriggan simulacrum (Depths:1)
  A basilisk (shapeshifter) (Vaults:3)
  3 vampires
  A hog (shapeshifter) (Vaults:3)
  A black mamba skeleton (Dis:5)
  A fire dragon skeleton (Tar:1)
  10 fire elementals
  A fire bat (shapeshifter) (Vaults:2)
  30 yaks
  5 hungry ghosts
  5 basilisks
  5 steam dragons (Shoals:3)
  3 vampire mosquitoes (D:15)
  42 chaos spawn
  30 neqoxecs (Pan)
  2 small abominations
  2 yaktaur simulacra
  88 large abominations
  6 soldier ants
  4 wargs
  5 spatial vortices
  4 floating eyes (Pan)
  17 water moccasins
  4 acid dragons
  5 spiny frog zombies
  An acid dragon (shapeshifter) (Vaults:5)
  7 porcupines
  57 hell hounds
  3 spiny frog skeletons
  A deep troll simulacrum (Depths:1)
  42 orc warriors
  A black bear (shapeshifter) (Vaults:1)
  5 black bears
  33 necrophages
  An eye of draining (D:14)
  A swamp dragon zombie (Crypt:3)
  A manticore zombie (Tar:5)
  2 hornet zombies
  4 sky beasts
  5 ice beasts
  11 phantoms
  A sky beast (shapeshifter) (Depths:4)
  An eye of draining (shapeshifter) (Depths:5)
  A dream sheep skeleton (Crypt:1)
  20 ogres
  20 boggarts
  6 snapping turtle zombies
  6 wolves
  30 centaurs
  2 manticore skeletons
  A snapping turtle skeleton (Tar:6)
  17 crocodiles
  A swamp dragon skeleton (Pan)
  4 big kobolds
  5 elf zombies
  A bullfrog (shapeshifter) (Depths:4)
  14 bullfrogs
  A spiny frog simulacrum (Hell)
  2 wyvern skeletons
  An earth elemental (Elf:1)
  A water moccasin zombie (D:8)
  A glowing shapeshifter simulacrum (Vaults:3)
  2 hippogriff skeletons (Crypt:1)
  A hornet simulacrum (D:15)
  A water moccasin skeleton (Crypt:2)
  5 scorpions
  43 wights
  34 killer bees
  3 electric eels
  7 crimson imps
  2 bullfrog zombies
  4 centaur zombies
  17 starcursed masses
  20 orc priests
  A bullfrog skeleton (D:6)
  4 hounds
  23 iron imps
  7 jellies
  Jessica (D:2)
  A human skeleton (Tar:5)
  Terence (D:2)
  6 hell rats (Hell)
  13 worker ants
  Ijyb (D:3)
  An iguana (D:5)
  27 orc wizards
  A black bear skeleton (Crypt:2)
  A tengu zombie (Tar:7)
  2 naga skeletons
  A naga zombie (Dis:7)
  An ogre zombie (Dis:3)
  A tengu skeleton (Crypt:2)
  A deep dwarf skeleton (Crypt:2)
  A hound skeleton (D:8)
  65 mummies
  A worker ant zombie (D:11)
  A howler monkey skeleton (Crypt:2)
  15 adders
  30 shadow imps
  A white imp (Abyss:3)
  2 ufetubi
  An ooze (D:1)
  An iguana skeleton (Crypt:1)
  3 worms (D:2)
  2 ball lightnings (Pan)
  3 dart slugs
  7 leopard geckos
  100 orcs
  10 bats
  7 giant cockroaches
  5 hobgoblins
  26 jackals
  3 quokkas
  3 ball pythons
  4 frilled lizards
  A frilled lizard zombie (Crypt:1)
  7 goblins
  A goblin skeleton (Crypt:2)
  24 kobolds
  A quokka zombie (D:6)
  6 rats
  2 crawling corpses (Elf:3)
  A fire vortex (Pan)
  A fungus (Lair:5)
  A lurking horror (Abyss:3)
  A plant (D:11)
  10 tentacles
5100 creatures vanquished.

Vanquished Creatures (collateral kills)
  A guardian mummy (Tomb:3)
1 creature vanquished.

Vanquished Creatures (others)
  A doom hound (Tar:2)
  A Tzitzimitl (Tar:2)
  2 death cobs (Zot:1)
  A storm dragon (Zot:1)
  A deep elf sorcerer (Elf:3)
  A warmonger (Pan)
  A blood saint (Pan)
  A deep elf annihilator (Pan)
  A deep elf death mage (Elf:3)
  A blizzard demon (Pan)
  A vault guard (Vaults:4)
  2 spriggan air magi (Pan)
  13 death scarabs (Tomb:2)
  A wizard (Vaults:3)
  A deep elf archer (Depths:4)
  An ugly thing (Vaults:1)
  3 smoke demons (Pan)
  2 yaktaurs (Depths:5)
  2 demonic crawlers (Pan)
  2 red devils (Pan)
  3 hellwings (Pan)
  3 flying skulls
  A chaos spawn (Pan)
  A hell hound (Spider:2)
  3 boggarts
  A centaur (D:12)
  An iron imp (Dis:7)
  A hell rat (Hell)
  An orc wizard (Orc:2)
  4 mummies (Tomb:2)
  6 ball lightnings (Pan)
  2 orcs
  2 kobolds (D:15)
  2 blocks of ice (Pan)
  3 crawling corpses (Elf:3)
  27 fungi
  49 plants
  21 tentacles
170 creatures vanquished.

Grand Total: 5271 creatures vanquished

Notes
Turn   | Place    | Note
-------+----------+-------------------------------------------
     0 | D:1      | kmx the Vine Stalker Monk began the quest for the Orb.
     0 | D:1      | Reached XP level 1. HP: 11/11 MP: 2/2
   794 | D:1      | Reached XP level 2. HP: 9/16 MP: 3/3
  1855 | D:1      | Reached XP level 3. HP: 6/20 MP: 4/4
  2391 | D:3      | Noticed Jessica
  2402 | D:2      | Killed Jessica
  2402 | D:2      | Gained mutation: Your natural rate of healing is unusually fast. [Vine Stalker growth]
  2402 | D:2      | Reached XP level 4. HP: 8/24 MP: 3/5
  2683 | D:2      | Reached skill level 1 in Spellcasting
  3049 | D:2      | Reached XP level 5. HP: 28/28 MP: 7/7
  3144 | D:2      | Noticed Terence
  3440 | D:3      | Found a radiant altar of Vehumet.
  3560 | D:3      | Noticed Ijyb
  3581 | D:3      | Killed Ijyb
  3769 | D:3      | Learned a level 1 spell: Confusing Touch
  4064 | D:4      | Found a basalt altar of Yredelemnul.
  4064 | D:4      | Found a glowing golden altar of the Shining One.
  4064 | D:4      | Found a burning altar of Makhleb.
  4064 | D:4      | Found a hide-covered altar of Uskayaw.
  4064 | D:4      | Found a snail-covered altar of Cheibriados.
  4064 | D:4      | Found an ornate altar of the Wu Jian Council.
  4064 | D:4      | Found a shadowy altar of Dithmenos.
  4064 | D:4      | Found a blossoming altar of Fedhas.
  4074 | D:5      | Entered Level 5 of the Dungeon
  4112 | D:5      | Reached XP level 6. HP: 28/32 MP: 6/9
  4297 | D:4      | Reached skill level 5 in Unarmed Combat
  4312 | D:4      | Became a worshipper of Cheibriados the Contemplative
  4312 | D:4      | Reached * piety under Cheibriados
  4312 | D:4      | Reached ** piety under Cheibriados
  4332 | D:4      | Found a staircase to the Ecumenical Temple.
  4514 | D:4      | Got a pitted mace
  4515 | D:4      | Identified the +8 mace of Eternal War {pain, +Blink rElec Int+2 Dex-4} (You found it on level 4 of the Dungeon)
  4584 | D:4      | Found Avvaaff's Assorted Antiques.
  4597 | D:4      | Bought a brass ring for 110 gold pieces
  4597 | D:4      | Bought a scroll labeled PIGOYG YPSE for 22 gold pieces
  4597 | D:4      | Bought a scroll labeled MIUX VUMOASH for 22 gold pieces
  4597 | D:4      | Bought a smoky coppery potion for 19 gold pieces
  4597 | D:4      | Bought a pink potion for 19 gold pieces
  4773 | D:4      | Found a sacrificial altar of Ru.
  5419 | D:5      | Found a deep blue altar of Sif Muna.
  5420 | D:5      | Found an ancient bone altar of Kikubaaqudgha.
  5426 | D:5      | Found a radiant altar of Vehumet.
  5430 | D:5      | Identified Sif Muna's Reference Book on Shape Shifting
  5455 | D:5      | Learned a level 1 spell: Beastly Appendage
  5512 | D:6      | Noticed a phantom
  5532 | D:6      | Killed a phantom
  5532 | D:6      | Reached XP level 7. HP: 37/37 MP: 11/11
  5713 | D:6      | Found a stormy altar of Qazlal.
  5720 | D:6      | Reached skill level 1 in Shields
  5849 | D:2      | Killed Terence
  5988 | D:6      | Found Loahoill's Luxury Loot.
  6062 | D:6      | Reached *** piety under Cheibriados
  6071 | D:6      | Gained mutation: You have razor-sharp teeth. [Vine Stalker growth]
  6071 | D:6      | Reached XP level 8. HP: 40/42 MP: 10/13
  6218 | D:7      | Found an opulent altar of Gozag.
  6506 | D:6      | Reached skill level 5 in Fighting
  6533 | D:6      | Reached XP level 9. HP: 43/47 MP: 14/16
  6594 | D:6      | Reached **** piety under Cheibriados
  7019 | D:7      | Reached skill level 5 in Dodging
  7070 | D:7      | Reached skill level 5 in Spellcasting
  7130 | D:7      | Reached ***** piety under Cheibriados
  7318 | D:8      | Noticed a two-headed ogre
  7325 | D:8      | Killed a two-headed ogre
  7325 | D:8      | Reached XP level 10. HP: 39/53 MP: 17/19
  7609 | D:8      | Noticed a two-headed ogre
  7620 | D:8      | Killed a two-headed ogre
  7773 | D:9      | Noticed a deep troll
  7774 | D:9      | Noticed a centaur warrior
  7775 | D:9      | Noticed a death knight
  7779 | D:9      | Noticed a cyan ugly thing
  7972 | D:9      | Reached skill level 5 in Shields
  8211 | D:9      | Reached skill level 1 in Armour
  8346 | D:10     | Entered Level 10 of the Dungeon
  8392 | D:10     | Reached skill level 1 in Invocations
  8440 | D:10     | Reached XP level 11. HP: 58/58 MP: 21/21
  8470 | D:10     | Reached skill level 10 in Unarmed Combat
  8563 | D:10     | Reached ****** piety under Cheibriados
  8645 | D:10     | Found a staircase to the Orcish Mines.
  8687 | D:10     | Reached skill level 1 in Transmutations
  8950 | D:11     | Found a staircase to the Lair.
  9209 | D:11     | Killed an unseen horror
  9390 | D:11     | Noticed Fannar
  9403 | D:11     | Killed Fannar
  9685 | D:12     | Found a blossoming altar of Fedhas.
  9818 | Lair:1   | Entered Level 1 of the Lair of Beasts
  9922 | Lair:1   | Noticed a seven-headed hydra
  9929 | Lair:1   | Killed a seven-headed hydra
 10163 | Lair:1   | Gained mutation: You heal very quickly. [Vine Stalker growth]
 10163 | Lair:1   | Reached XP level 12. HP: 30/64 MP: 11/24
 10432 | Lair:1   | Reached skill level 5 in Transmutations
 11097 | Lair:2   | Noticed subsebi's ghost (journeyman DsCK)
 11132 | Lair:2   | Killed subsebi's ghost
 11206 | Lair:2   | Noticed Urug
 11208 | Lair:2   | Noticed Harold
 11230 | Lair:2   | Killed Urug
 11254 | Lair:2   | Killed Harold
 11892 | Lair:3   | Noticed Rupert
 11899 | Lair:3   | Paralysed by Rupert for 2 turns
 11914 | Lair:3   | Killed Rupert
 11914 | Lair:3   | Reached XP level 13. HP: 57/69 MP: 26/26
 12017 | Lair:3   | Learned a level 6 spell: Statue Form
 12303 | Lair:3   | Reached skill level 5 in Armour
 12784 | Lair:4   | Reached skill level 1 in Earth Magic
 13125 | Lair:4   | Found a hole to the Spider Nest.
 13316 | Lair:4   | Found a staircase to the Shoals.
 13587 | Lair:4   | Learned a level 5 spell: Irradiate
 13595 | Lair:4   | Learned a level 7 spell: Dragon Form
 14008 | Lair:5   | Noticed an entropy weaver
 14009 | Lair:5   | Noticed an entropy weaver
 14267 | Lair:5   | Reached XP level 14. HP: 75/75 MP: 28/28
 14497 | Lair:5   | Killed an entropy weaver
 15056 | Lair:6   | Entered Level 6 of the Lair of Beasts
 15251 | Lair:6   | Found a staircase to the Slime Pits.
 15259 | Lair:6   | Reached skill level 10 in Transmutations
 15264 | Lair:6   | Identified the Compendium of Lucky Poisoning
 16002 | Orc:1    | Entered Level 1 of the Orcish Mines
 16091 | Orc:1    | Found Boaceo's Assorted Antiques.
 16211 | Orc:1    | Bought a fuming sapphire potion for 28 gold pieces
 16211 | Orc:1    | Bought a potion of curing for 96 gold pieces
 16211 | Orc:1    | Bought a scroll of identify for 64 gold pieces
 16615 | Orc:1    | Found Itounire's Book Boutique.
 16633 | Orc:1    | Bought a book of Necromancy for 300 gold pieces
 16645 | Orc:1    | Noticed Nergalle
 16660 | Orc:1    | Killed Nergalle
 16660 | Orc:1    | Reached skill level 10 in Spellcasting
 16727 | Orc:2    | Entered Level 2 of the Orcish Mines
 16787 | Orc:2    | Found a staircase to the Elven Halls.
 16895 | Orc:2    | Found Xuseoloz's General Store.
 17235 | Orc:2    | Learned a level 3 spell: Regeneration
 17241 | Orc:2    | Learned a level 3 spell: Vampiric Draining
 17286 | Orc:2    | Reached skill level 10 in Fighting
 17286 | Orc:2    | Reached skill level 5 in Earth Magic
 17595 | Orc:2    | Reached XP level 15. HP: 45/80 MP: 30/30
 17740 | Orc:2    | Found Inaiw's Jewellery Shoppe.
 17740 | Orc:2    | Found Beh Iqenn's Distillery.
 17786 | Orc:2    | Found Mogiss's Antique Weapon Shoppe.
 17786 | Orc:2    | Found Ephuxu's Gadget Boutique.
 17798 | Orc:2    | Bought a potion of might for 68 gold pieces
 17798 | Orc:2    | Bought a potion of cancellation for 136 gold pieces
 17798 | Orc:2    | Bought a potion of agility for 68 gold pieces
 17798 | Orc:2    | Bought a potion of magic for 136 gold pieces
 17798 | Orc:2    | Bought a potion of might for 68 gold pieces
 17802 | Orc:2    | Bought a wand of paralysis (13) for 255 gold pieces
 17802 | Orc:2    | Bought a box of beasts for 340 gold pieces
 18439 | D:12     | Noticed Kirke
 18446 | D:12     | Killed Kirke
 18478 | D:12     | Found a portal to a secret trove of treasure.
 18933 | D:13     | Found a gate to the Vaults.
 19628 | D:14     | Noticed Nessos
 19639 | D:14     | Killed Nessos
 20257 | D:15     | Entered Level 15 of the Dungeon
 20465 | D:15     | Reached skill level 5 in Invocations
 20486 | D:15     | Reached XP level 16. HP: 49/87 MP: 26/32
 20700 | D:15     | Found a staircase to the Depths.
 21684 | Shoals:1 | Entered Level 1 of the Shoals
 21791 | Spider:1 | Entered Level 1 of the Spider Nest
 23467 | Spider:2 | Noticed Azrael
 23476 | Spider:2 | Killed Azrael
 24328 | Spider:3 | Reached skill level 10 in Dodging
 25065 | Spider:3 | Reached XP level 17. HP: 93/93 MP: 34/34
 25286 | Spider:4 | Entered Level 4 of the Spider Nest
 25641 | Spider:4 | HP: 4/141 [wolf spider (9)]
 26058 | Shoals:1 | Noticed Josephine
 26068 | Shoals:1 | Killed Josephine
 26610 | Shoals:2 | Found Toenan's Book Emporium.
 26621 | Shoals:2 | Bought a book of Battle for 760 gold pieces
 26724 | Shoals:2 | Found Caipt's Gadget Shoppe.
 26841 | Shoals:2 | Found Deumep's Gadget Boutique.
 26875 | Shoals:2 | Found Uqame's Distillery.
 27063 | Shoals:2 | Found Uloqyunk's Weapon Boutique.
 27309 | Shoals:3 | Noticed a kraken
 27328 | Shoals:3 | Killed a kraken
 27336 | Shoals:3 | Found Otilio's Magic Scroll Emporium.
 27422 | Shoals:3 | Noticed Aizul
 27430 | Shoals:3 | Killed Aizul
 27591 | Shoals:4 | Entered Level 4 of the Shoals
 27664 | Shoals:4 | Noticed Ilsuiw
 27667 | Shoals:4 | Reached skill level 15 in Unarmed Combat
 27708 | Shoals:4 | Identified the Almanac of Changing and Attacks
 27801 | Shoals:4 | Killed Ilsuiw
 27898 | Shoals:4 | Reached XP level 18. HP: 100/100 MP: 29/36
 28161 | Shoals:4 | Found Xuhimav's Weapon Emporium.
 28259 | Shoals:4 | Bought a throwing net for 45 gold pieces
 28328 | Shoals:4 | Got a barnacled rune of Zot
 28383 | Shoals:4 | Identified Vackur's Handbook of Unstable Earth
 28389 | Shoals:4 | Learned a level 2 spell: Blink
 28392 | Shoals:4 | Learned a level 2 spell: Shroud of Golubria
 29003 | Vaults:1 | Entered Level 1 of the Vaults
 29685 | D:13     | Learned a level 2 spell: Song of Slaying
 30290 | Vaults:1 | Noticed Nikola
 30300 | Vaults:1 | Killed Nikola
 30300 | Vaults:1 | Reached XP level 19. HP: 106/106 MP: 37/37
 31628 | Vaults:2 | Found Xuuze's Weapon Shoppe.
 32598 | Vaults:3 | Reached skill level 10 in Invocations
 32635 | Vaults:3 | Reached skill level 15 in Fighting
 33051 | Vaults:3 | Reached XP level 20. HP: 113/113 MP: 38/38
 33366 | Vaults:3 | Found a staircase to the Crypt.
 33904 | Vaults:4 | Noticed a Tzitzimitl
 34261 | Vaults:4 | Noticed a Tzitzimitl
 34267 | Vaults:4 | Noticed a Tzitzimitl
 34527 | Vaults:4 | Found Doqer's Antique Weapon Shoppe.
 34573 | Vaults:4 | Found a shimmering altar of Xom.
 35125 | Vaults:4 | Reached XP level 21. HP: 119/119 MP: 39/39
 35572 | Elf:1    | Entered Level 1 of the Elven Halls
 36211 | Elf:1    | Found Xagufof's Antique Armour Emporium.
 36517 | Elf:1    | Identified the Volume of the Disturbing Blessings
 36809 | Elf:2    | Found a runed gate.
 36809 | Elf:2    | Found a runed gate.
 36809 | Elf:2    | Found a runed gate.
 37458 | Elf:2    | Cast into level 2 of the Abyss (a deep elf demonologist)
 37473 | Elf:2    | Escaped the Abyss
 37677 | Elf:3    | Entered Level 3 of the Elven Halls
 38286 | Elf:3    | Cast into level 3 of the Abyss (a deep elf demonologist)
 38339 | Abyss:3  | Reached XP level 22. HP: 127/127 MP: 40/40
 38393 | Abyss:3  | Paralysed by accursed screaming for 1 turns
 38403 | Abyss:3  | Gained mutation: You occasionally shout uncontrollably at your foes. [a cacodemon]
 38439 | Abyss:3  | Got an abyssal rune of Zot
 38464 | Elf:3    | Escaped the Abyss
 38477 | Elf:3    | Cast into level 4 of the Abyss (a deep elf sorcerer)
 38518 | Abyss:4  | Paralysed by accursed screaming for 1 turns
 38651 | Elf:3    | Escaped the Abyss
 38974 | Elf:3    | Identified Zyfaemo's Lost Secrets of Theurgy
 38988 | Elf:3    | Identified a scroll of acquirement
 39008 | Elf:3    | Got a translucent lead ring
 39058 | Elf:3    | Got a scorched jade amulet
 39078 | Elf:3    | Got a translucent helmet
 39119 | Elf:3    | Identified the +1 helmet "Enujidgh" {*Drain rPois Str+4 Slay+4} (You found it on level 3 of the Elven Halls)
 39708 | Elf:3    | Identified the amulet "Umeul" {+Rage rElec rPois Str+2} (You found it on level 3 of the Elven Halls)
 39709 | Elf:3    | Identified the ring "Besy" {rCorr Int+2} (You found it on level 3 of the Elven Halls)
 40306 | Vaults:5 | Entered Level 5 of the Vaults
 40325 | Vaults:5 | Noticed a golden dragon
 40512 | Vaults:5 | Reached XP level 23. HP: 133/133 MP: 41/41
 40520 | Vaults:5 | Killed a golden dragon
 40525 | Vaults:5 | Noticed an ancient lich
 40561 | Vaults:5 | Killed an ancient lich
 40924 | Vaults:5 | Noticed Mennas
 40931 | Vaults:5 | Killed Mennas
 41184 | Vaults:5 | Identified Weuniul's Almanac of Poisoning and Confrontation
 41194 | Vaults:5 | Got a flickering brass amulet
 41195 | Vaults:5 | Identified the amulet "Jaommoism" {Gourm +Inv rC+ Dex+4} (You found it on level 5 of the Vaults)
 41337 | Vaults:5 | Got a shimmering tin ring
 41338 | Vaults:5 | Identified the ring "Osoannem" {*Contam *Corrode rN+ Str+6 Int+4} (You took it off a vault warden on level 5 of the Vaults)
 41407 | Vaults:5 | Found Onuulial's General Store.
 41412 | Vaults:5 | Bought 3 scrolls of blinking for 382 gold pieces
 41515 | Vaults:5 | Got a silver rune of Zot
 42313 | Depths:1 | Entered Level 1 of the Depths
 42378 | Depths:1 | Found a gateway to Hell.
 42529 | Depths:1 | Noticed a golden dragon
 42570 | Depths:1 | Killed a golden dragon
 42570 | Depths:1 | Reached XP level 24. HP: 78/140 MP: 13/41
 43099 | Depths:1 | Noticed the Enchantress
 43117 | Depths:1 | Killed the Enchantress
 43140 | Depths:1 | Noticed a juggernaut
 43150 | Depths:1 | Killed a juggernaut
 43360 | Depths:1 | Found a one-way gate to the infinite horrors of the Abyss.
 43758 | Depths:1 | Got faerie dragon scales
 43759 | Depths:1 | Identified the +4 faerie dragon scales {rC+ rCorr Int+5} (You took it off the Enchantress on level 1 of the Depths)
 43794 | Depths:1 | Noticed a caustic shrike
 43799 | Depths:1 | Killed a caustic shrike
 43856 | Depths:1 | Got a sparkling ivory amulet
 43859 | Depths:1 | Identified the Incunabulum of Weightlessness and Necromancy
 43903 | Depths:1 | Identified the amulet of Biat {Harm *Drain rF- rC+++ Str-3 Stlth+} (You found it on level 1 of the Depths)
 43908 | Depths:1 | Got a glittering copper ring
 44638 | D:15     | Identified the ring of the Fifty Beggars {rElec MR+ Str-3 Dex+2} (You found it on level 1 of the Depths)
 44751 | Depths:2 | Found a shattered altar of Ashenzari.
 45245 | Depths:2 | Found a gateway to a ziggurat.
 45270 | Depths:2 | Reached XP level 25. HP: 142/147 MP: 17/41
 45400 | Depths:2 | Found a one-way gate leading to the halls of Pandemonium.
 45994 | Depths:3 | Got a shimmering shield
 45995 | Depths:3 | Identified the cursed +0 shield of Lehaliv {Dex+2} (You found it on level 3 of the Depths)
 46565 | Depths:3 | Found Wumpux's Gadget Shoppe.
 46566 | Depths:3 | Found Fepn's Jewellery Boutique.
 46567 | Depths:3 | Found Jepussemn's Gadget Shoppe.
 46573 | Depths:3 | Bought a wand of scattershot (3) for 462 gold pieces
 46577 | Depths:3 | Bought a sack of spiders for 320 gold pieces
 47036 | Depths:4 | Reached skill level 15 in Invocations
 47064 | Depths:4 | Noticed Xtahua
 47067 | Depths:4 | Killed Xtahua
 47270 | Depths:3 | Reached skill level 15 in Dodging
 47893 | Depths:4 | Noticed a juggernaut
 47925 | Depths:4 | Found a runed door.
 48583 | Depths:4 | Reached XP level 26. HP: 153/154 MP: 41/41
 48620 | Depths:4 | Got a crude helmet
 48638 | Depths:4 | Found the +2 ratskin cloak {+Rats rPois rN+ Str-1 Int-1 Dex+1}
 48679 | Depths:4 | Got an opalescent robe
 48707 | Depths:4 | Identified the Grimoire of Enthralling Flames
 48807 | Depths:4 | Identified the +1 robe "Ruxeuw" {rC- Str+7} (You found it on level 4 of the Depths)
 48829 | Depths:4 | Got a bloodstained ring mail
 49046 | Depths:4 | Killed a juggernaut
 49223 | Depths:5 | Entered Level 5 of the Depths
 49956 | Depths:5 | Found a gate to the Realm of Zot.
 50965 | Crypt:1  | Entered Level 1 of the Crypt
 51006 | Crypt:1  | Noticed Jory
 51016 | Crypt:1  | Killed Jory
 51965 | Crypt:2  | Reached XP level 27. HP: 161/161 MP: 41/41
 52499 | Crypt:3  | Entered Level 3 of the Crypt
 52853 | Crypt:3  | Found an ancient bone altar of Kikubaaqudgha.
 52854 | Crypt:3  | Noticed an ancient lich
 52866 | Crypt:3  | Killed an ancient lich
 52916 | Crypt:3  | Got a glittering glass ring
 53234 | Crypt:3  | Found a staircase to the Tomb.
 53560 | Tomb:1   | Entered Level 1 of the Tomb of the Ancients
 54152 | Tomb:1   | Noticed a greater mummy
 54169 | Tomb:1   | Killed a greater mummy
 54825 | D:15     | Identified the ring "Disen" {*Tele rC+ MR- Int+4 SInv} (You found it on level 3 of the Crypt)
 54826 | D:15     | Identified the +0 helmet of the Valley {rC- Regen+ Str-5 Dex+10} (You found it on level 4 of the Depths)
 54827 | D:15     | Identified the +8 ring mail of the Orb {rPois rN+++ rCorr Stlth-} (You found it on level 4 of the Depths)
 54951 | Zot:1    | Entered Level 1 of the Realm of Zot
 54998 | Zot:1    | Reached skill level 1 in Evocations
 55475 | Zot:1    | Identified Oraetecka's Volume of Helpful Conjuration
 55872 | Zot:2    | Noticed an orb of fire
 55876 | Zot:2    | Killed an orb of fire
 55880 | Zot:2    | Noticed an orb of fire
 55883 | Zot:2    | Killed an orb of fire
 55883 | Zot:2    | Reached skill level 5 in Evocations
 55902 | Zot:2    | Reached skill level 15 in Spellcasting
 56917 | Zot:3    | Reached skill level 10 in Earth Magic
 57950 | Tomb:1   | Learned a level 5 spell: Bolt of Magma
 57996 | Tomb:2   | Noticed a greater mummy
 57996 | Tomb:2   | Noticed a greater mummy
 57996 | Tomb:2   | Noticed a greater mummy
 57996 | Tomb:2   | Noticed a greater mummy
 58018 | Tomb:2   | Killed a greater mummy
 58045 | Tomb:2   | Killed a greater mummy
 58104 | Tomb:2   | Killed a greater mummy
 58122 | Tomb:2   | Killed a greater mummy
 58493 | Tomb:1   | Noticed a greater mummy
 58494 | Tomb:1   | Noticed a greater mummy
 58496 | Tomb:1   | Killed a greater mummy
 58508 | Tomb:1   | Noticed a greater mummy
 58523 | Tomb:1   | Killed a greater mummy
 58524 | Tomb:1   | Noticed a greater mummy
 58535 | Tomb:1   | Killed a greater mummy
 58543 | Tomb:1   | Killed a greater mummy
 58623 | Tomb:1   | Noticed a greater mummy
 58629 | Tomb:1   | Noticed a greater mummy
 58629 | Tomb:1   | Killed a greater mummy
 58637 | Tomb:1   | Killed a greater mummy
 58682 | Tomb:1   | Noticed a greater mummy
 58693 | Tomb:1   | Killed a greater mummy
 58933 | Tomb:3   | Entered Level 3 of the Tomb of the Ancients
 58969 | Tomb:3   | Noticed a greater mummy
 58969 | Tomb:3   | Noticed a greater mummy
 58975 | Tomb:3   | Noticed a greater mummy
 58979 | Tomb:3   | Noticed a greater mummy
 58980 | Tomb:3   | Noticed a greater mummy
 58981 | Tomb:3   | Noticed a greater mummy
 58983 | Tomb:3   | Noticed a greater mummy
 58984 | Tomb:3   | Noticed a greater mummy
 59059 | Tomb:3   | Killed a greater mummy
 59072 | Tomb:3   | Noticed Khufu
 59075 | Tomb:3   | Noticed a greater mummy
 59079 | Tomb:3   | Noticed a greater mummy
 59723 | Hell     | Entered the Vestibule of Hell
 59723 | Hell     | Noticed Geryon
 59814 | Hell     | Killed Geryon
 59974 | Hell     | Found a gateway to the decaying netherworld of Tartarus.
 60028 | Hell     | Found a gateway to the ashen valley of Gehenna.
 60086 | Hell     | Found a gateway to the Iron City of Dis.
 60103 | Hell     | Found a gateway to the freezing wastes of Cocytus.
 61703 | Zot:5    | Entered Level 5 of the Realm of Zot
 61802 | Zot:5    | Noticed an ancient lich
 61806 | Zot:5    | Killed an ancient lich
 61806 | Zot:5    | Reached skill level 10 in Evocations
 61919 | Zot:5    | Noticed an ancient lich
 61921 | Zot:5    | Killed an ancient lich
 61977 | Zot:5    | Noticed an orb of fire
 61980 | Zot:5    | Killed an orb of fire
 62153 | Zot:5    | Noticed an ancient lich
 62159 | Zot:5    | Killed an ancient lich
 62277 | Zot:5    | Noticed an orb of fire
 62282 | Zot:5    | Killed an orb of fire
 62521 | Zot:5    | Noticed an orb of fire
 62527 | Zot:5    | Killed an orb of fire
 64297 | Tomb:3   | Killed a greater mummy
 64306 | Tomb:3   | Killed a greater mummy
 64311 | Tomb:3   | Killed a greater mummy
 64314 | Tomb:3   | Killed a greater mummy
 64339 | Tomb:3   | Killed a greater mummy
 64379 | Tomb:3   | Killed a greater mummy
 65018 | Tar:1    | Entered Level 1 of Tartarus
 65401 | Tar:1    | Reached skill level 27 in Unarmed Combat
 65714 | Tar:2    | Gained mutation: Scrolls take you a little longer to read. [mutagenic glow]
 66002 | Tar:4    | Gained mutation: Your body sometimes deteriorates upon taking damage. [mutagenic glow]
 66414 | Tar:4    | Noticed an ancient lich
 66420 | Tar:4    | Killed an ancient lich
 66420 | Tar:4    | Reached skill level 15 in Earth Magic
 67994 | Tar:7    | Entered Level 7 of Tartarus
 68420 | Tar:7    | Noticed Ereshkigal
 68426 | Tar:7    | Lost mutation: Scrolls take you a little longer to read. [potion of mutation]
 68426 | Tar:7    | Gained mutation: You are partially covered in yellow scales. (AC +2) [potion of mutation]
 68426 | Tar:7    | Gained mutation: You have an increased reservoir of magic. (+10% MP) [potion of mutation]
 68426 | Tar:7    | Gained mutation: Armour fits poorly on your strangely shaped body. [potion of mutation]
 68426 | Tar:7    | Gained mutation: Your spells are a little harder to cast, but a little more powerful. [potion of mutation]
 69529 | Tar:7    | Killed Ereshkigal
 69595 | Tar:7    | Got a bone rune of Zot
 70197 | Dis:1    | Entered Level 1 of the Iron City of Dis
 71725 | Dis:5    | Gained mutation: You are occasionally teleported next to monsters. [mutagenic glow]
 71876 | Dis:7    | Entered Level 7 of the Iron City of Dis
 71961 | Dis:7    | Reached skill level 27 in Fighting
 72885 | Dis:7    | Identified the Handbook of the Hurtful Volcanoes
 72928 | Dis:7    | Got a spiked chain mail
 73363 | Dis:7    | Noticed Dispater
 73389 | Dis:7    | Killed Dispater
 73470 | Dis:7    | Found the +7 longbow "Piercer" {penet, EV-2}
 73473 | Dis:7    | Got an iron rune of Zot
 73512 | Dis:7    | Identified the cursed +1 chain mail of Beck {rC+ rN+} (You found it on level 7 of the Iron City of Dis)
 73542 | Dis:7    | Got a fine lead ring
 73543 | Dis:7    | Identified the ring of Toobum {*Contam rF- rN+ Int+5 Dex+7} (You found it on level 7 of the Iron City of Dis)
 73928 | D:15     | Learned a level 9 spell: Shatter
 74213 | Zot:5    | Noticed an orb of fire
 74216 | Zot:5    | Killed an orb of fire
 74217 | Zot:5    | Lost mutation: Your body sometimes deteriorates upon taking damage. [potion of mutation]
 74217 | Zot:5    | Lost mutation: Your spells are a little harder to cast, but a little more powerful. [potion of mutation]
 74217 | Zot:5    | Lost mutation: You occasionally shout uncontrollably at your foes. [potion of mutation]
 74217 | Zot:5    | Lost mutation: You are partially covered in yellow scales. (AC +2) [potion of mutation]
 74217 | Zot:5    | Gained mutation: You are agile. (Dex +2) [potion of mutation]
 74217 | Zot:5    | Gained mutation: You are partially covered in yellow scales. (AC +2) [potion of mutation]
 74217 | Zot:5    | Gained mutation: You passively map a small area around you. [potion of mutation]
 74218 | Zot:5    | Lost mutation: Armour fits poorly on your strangely shaped body. [potion of mutation]
 74218 | Zot:5    | Lost mutation: You are agile. (Dex +2) [potion of mutation]
 74218 | Zot:5    | Lost mutation: You are occasionally teleported next to monsters. [potion of mutation]
 74218 | Zot:5    | Gained mutation: You have large cloven feet. [potion of mutation]
 74218 | Zot:5    | Gained mutation: Your flesh is cold resistant. (rC+) [potion of mutation]
 75468 | Tomb:3   | Killed a greater mummy
 75471 | Tomb:3   | Killed a greater mummy
 75473 | Tomb:3   | Killed Khufu
 75509 | Tomb:3   | Killed a greater mummy
 75547 | Tomb:3   | Found the +8 demon blade "Leech" {vamp, rN+ AC-3 EV-3}
 75565 | Tomb:3   | Got a crude amber ring
 75572 | Tomb:3   | Got a transparent bronze ring
 75575 | Tomb:3   | Got a clouded bronze ring
 75887 | Tomb:3   | Got a golden rune of Zot
 75920 | Tomb:3   | Identified the ring of Garrun {+Blink rN++ AC+1 Stlth-} (You found it on level 3 of the Tomb of the Ancients)
 75921 | Tomb:3   | Identified the ring of Departure {+Blink rPois rF+} (You found it on level 3 of the Tomb of the Ancients)
 75934 | Tomb:3   | Got a transparent shield
 75949 | Tomb:3   | Identified the cursed +0 shield of Tender Moments {-Tele MR+++ Int+3 Dex+4} (You found it on level 3 of the Tomb of the Ancients)
 75974 | Tomb:3   | Got scorched ice dragon scales
 75986 | Tomb:3   | Identified the +15 ice dragon scales "Fimeodumm" {rPois rF- rC++ MR+++ Int-3 Dex+3} (You found it on level 3 of the Tomb of the Ancients)
 76029 | Tomb:3   | Identified the ring "Xydyukk" {rElec MP+9 SInv} (You found it on level 3 of the Tomb of the Ancients)
 76038 | Tomb:3   | Got a crude leather armour
 76808 | D:15     | Identified the +1 leather armour of Muajexke {rElec} (You found it on level 3 of the Tomb of the Ancients)
 76830 | D:15     | Learned a level 7 spell: Monstrous Menagerie
 76836 | D:15     | Learned a level 5 spell: Borgnjor's Vile Clutch
 76842 | D:15     | Learned a level 5 spell: Dispel Undead
 76892 | Pan      | Entered Pandemonium
 76898 | Pan      | Noticed Jyheel the pandemonium lord
 76903 | Pan      | Killed Jyheel the pandemonium lord
 76967 | Pan      | Got a demonic rune of Zot
 76972 | Pan      | Noticed Taeblufu the pandemonium lord
 76980 | Pan      | Killed Taeblufu the pandemonium lord
 77059 | Pan      | Got a transparent quarterstaff
 77317 | Pan      | Got an ancient quarterstaff
 77787 | Pan      | Gained mutation: Scrolls take you a little longer to read. [a neqoxec]
 78337 | Pan      | Noticed Byughuysurch the pandemonium lord
 78357 | Pan      | Killed Byughuysurch the pandemonium lord
 79196 | Pan      | Noticed Osaeqes the pandemonium lord
 79268 | Pan      | Killed Osaeqes the pandemonium lord
 79344 | Pan      | Lost mutation: Scrolls take you a little longer to read. [potion of mutation]
 79344 | Pan      | Lost mutation: You passively map a small area around you. [potion of mutation]
 79344 | Pan      | Gained mutation: You have a considerably increased reservoir of magic. (+20% MP) [potion of mutation]
 79344 | Pan      | Gained mutation: You have hoof-like feet. [potion of mutation]
 79344 | Pan      | Gained mutation: You are partially covered in thin metallic scales. (AC +2) [potion of mutation]
 79344 | Pan      | Gained mutation: You have supernaturally acute eyesight. (SInv) [potion of mutation]
 79677 | Pan      | Found an exit through the horrors of the Abyss.
 80002 | Pan      | Noticed Illig the pandemonium lord
 80007 | Pan      | Killed Illig the pandemonium lord
 80161 | Pan      | Found an exit through the horrors of the Abyss.
 80876 | Pan      | Lost mutation: You have a considerably increased reservoir of magic. (+20% MP) [a neqoxec]
 80892 | Pan      | Noticed Rami the pandemonium lord
 80903 | Pan      | Killed Rami the pandemonium lord
 81837 | Pan      | Found an exit through the horrors of the Abyss.
 82176 | Pan      | Gained mutation: You are dopey. (Int -2) [a neqoxec]
 82276 | Pan      | Noticed Yciacuz the pandemonium lord
 82285 | Pan      | Killed Yciacuz the pandemonium lord
 82286 | Pan      | Gained mutation: You are clumsy. (Dex -2) [a cacodemon]
 82540 | Pan      | Lost mutation: You have supernaturally acute eyesight. (SInv) [a cacodemon]
 82878 | Pan      | Lost mutation: You have an increased reservoir of magic. (+10% MP) [a cacodemon]
 82880 | Pan      | Noticed Guzud the pandemonium lord
 82890 | Pan      | Killed Guzud the pandemonium lord
 82892 | Pan      | Gained mutation: You are frail. (-10% HP) [a neqoxec]
 82901 | Pan      | Got a clouded pewter amulet
 83393 | Pan      | Identified the amulet "Rozyis" {Faith +Fly rF- Dex+7 SInv} (You took it off a red devil in Pandemonium)
 83396 | Pan      | Got a pair of translucent gloves
 83407 | Pan      | Identified the +0 pair of gloves of Ecuec {Regen+ Str-4 Int+6 Stlth+} (You acquired it in Pandemonium)
 83625 | Pan      | Gained mutation: You are very clumsy. (Dex -4) [a cacodemon]
 83825 | Pan      | Lost mutation: You have hoof-like feet. [potion of mutation]
 83825 | Pan      | Lost mutation: You are frail. (-10% HP) [potion of mutation]
 83825 | Pan      | Lost mutation: You are dopey. (Int -2) [potion of mutation]
 83825 | Pan      | Lost mutation: You have large cloven feet. [potion of mutation]
 83825 | Pan      | Gained mutation: You passively map a small area around you. [potion of mutation]
 83825 | Pan      | Gained mutation: You have a pair of small horns on your head. [potion of mutation]
 83850 | Pan      | Noticed Qups the pandemonium lord
 83856 | Pan      | Killed Qups the pandemonium lord
 85242 | Pan      | Entered the realm of Mnoleg.
 85308 | Pan      | Gained mutation: Armour fits poorly on your strangely shaped body. [a neqoxec]
 85320 | Pan      | Gained mutation: You are dopey. (Int -2) [a neqoxec]
 85342 | Pan      | Reached skill level 27 in Spellcasting
 85381 | Pan      | Gained mutation: You are very dopey. (Int -4) [a neqoxec]
 85381 | Pan      | Gained mutation: Scrolls take you a little longer to read. [a shining eye]
 85385 | Pan      | Gained mutation: Your body sometimes deteriorates upon taking damage. [a cacodemon]
 85390 | Pan      | Noticed Mnoleg
 85391 | Pan      | Paralysed by a floating eye for 4 turns
 85392 | Pan      | Gained mutation: Scrolls take you longer to read. [Mnoleg's mutagenic touch]
 85401 | Pan      | Paralysed by a floating eye for 2 turns
 85407 | Pan      | Killed Mnoleg
 85429 | Pan      | Paralysed by a floating eye for 3 turns
 85433 | Pan      | Gained mutation: You occasionally shout uncontrollably at your foes. [a shining eye]
 85568 | Pan      | Lost mutation: You are very dopey. (Int -4) [potion of mutation]
 85568 | Pan      | Lost mutation: You passively map a small area around you. [potion of mutation]
 85568 | Pan      | Gained mutation: Your spells are a little easier to cast, but a little less powerful. [potion of mutation]
 85568 | Pan      | Lost mutation: Armour fits poorly on your strangely shaped body. [potion of mutation]
 85568 | Pan      | Gained mutation: You evolve. [potion of mutation]
 85569 | Pan      | Lost mutation: You evolve. [potion of mutation]
 85569 | Pan      | Lost mutation: Your flesh is cold resistant. (rC+) [potion of mutation]
 85569 | Pan      | Gained mutation: You possess an exceptional clarity of mind. [potion of mutation]
 85569 | Pan      | Lost mutation: You are dopey. (Int -2) [potion of mutation]
 85604 | Pan      | Lost mutation: You are partially covered in thin metallic scales. (AC +2) [potion of mutation]
 85604 | Pan      | Lost mutation: You are partially covered in yellow scales. (AC +2) [potion of mutation]
 85604 | Pan      | Lost mutation: You occasionally shout uncontrollably at your foes. [potion of mutation]
 85604 | Pan      | Gained mutation: Your skin changes colour to match your surroundings (Stealth+). [potion of mutation]
 85627 | Pan      | Got a glowing rune of Zot
 85651 | Pan      | Got an ancient helmet
 85830 | Pan      | Gained mutation: You are frail. (-10% HP) [a cacodemon]
 85955 | Pan      | Gained mutation: You expend magic power (3 MP) to strengthen your wands. [a cacodemon]
 86406 | Pan      | Noticed Fitwoib the pandemonium lord
 86413 | Pan      | Killed Fitwoib the pandemonium lord
 86497 | Pan      | Got a scorched brass amulet
 86518 | Pan      | Found an exit through the horrors of the Abyss.
 86850 | Pan      | Entered the realm of Cerebov.
 87069 | Pan      | Identified the amulet "Gylafufi" {RegenMP rElec Dex+4 Slay+2} (You found it in Pandemonium)
 87103 | Pan      | Noticed Cerebov
 87768 | Pan      | Gained mutation: Your magical capacity is low. (-10% MP) [mutagenic glow]
 88040 | Pan      | Got a crude morningstar
 88111 | Pan      | Killed Cerebov
 88154 | Pan      | Got a slimy copper ring
 88168 | Pan      | Identified the ring "Tusyut" {rF++ MP+9} (You found it in Pandemonium)
 88172 | Pan      | Got a crude brass ring
 88220 | Pan      | Got a fiery rune of Zot
 88271 | Pan      | Identified the +1 helmet of Wu Jian's Supremacy {Dex+4} (You found it in Pandemonium)
 88273 | Pan      | Identified the ring of Qothriymn {rF+ rC- MR+++} (You found it in Pandemonium)
 88381 | Pan      | Entered the realm of Gloorx Vloq.
 88527 | Pan      | Noticed Gloorx Vloq
 88535 | Pan      | Killed Gloorx Vloq
 88535 | Pan      | Reached skill level 10 in Armour
 88604 | Pan      | Got a dark rune of Zot
 88731 | Pan      | Found an exit through the horrors of the Abyss.
 89015 | Pan      | Found an exit through the horrors of the Abyss.
 89109 | Pan      | Noticed Gedukai the pandemonium lord
 89126 | Pan      | Killed Gedukai the pandemonium lord
 89878 | Pan      | Entered the realm of Lom Lobon.
 89916 | Pan      | Noticed Lom Lobon
 89999 | Pan      | Got a magical rune of Zot
 90135 | Pan      | HP: 10/202 [blizzard demon] (19)]
 90141 | Pan      | HP: 3/202 [something (14)]
 90142 | Pan      | Engulfed by a cloud of freezing vapour

Skill      XL: |  1  2  3  4  5  6  7  8  9 10 11 12 13 14 15 16 17 18 19 20 21 22 23 24 25 26 27 |
---------------+----------------------------------------------------------------------------------+-----
Fighting       | 3 4 5 6 7 8 9 10 11 12 13 14 15 16 17 18 19 20 21 27 | 27.0
Unarmed Combat | 4 5 6 7 8 9 10 11 12 13 14 15 16 17 18 19 20 21 22 23 27 | 27.0
Spellcasting   | 1 2 3 4 5 6 7 8 9 10 11 12 13 27 | 27.0
Dodging        | 3 4 5 6 7 8 9 10 11 12 13 14 15 26 | 26.7
Shields        | 1 3 4 5 |  5.0
Armour         | 1 3 4 5 6 12 | 12.3
Invocations    | 1 3 5 6 7 9 10 11 12 13 14 15 | 15.3
Transmutations | 4 7 9 10 11 12 | 12.3
Earth Magic    | 3 5 6 25 | 25.6
Evocations     | 13 | 13.8
Stealth        | |  2.4

Action                   |  1- 3 |  4- 6 |  7- 9 | 10-12 | 13-15 | 16-18 | 19-21 | 22-24 | 25-27 || total
-------------------------+-------+-------+-------+-------+-------+-------+-------+-------+-------++-------
Melee: Unarmed           |    78 |   196 |   186 |   563 |  1125 |  1005 |   933 |   736 |  6273 || 11095
       Bite              |    27 |    75 |   113 |   345 |   712 |   464 |   439 |   318 |  2979 ||  5472
       Punch             |     2 |     3 |       |       |       |       |     2 |     6 |       ||    13
       Mace              |       |    52 |    48 |       |       |       |       |       |       ||   100
       Kick              |       |       |       |       |    19 |       |       |       |   348 ||   367
       Tailslap          |       |       |       |       |       |     3 |     6 |    13 |       ||    22
       Headbutt          |       |       |       |       |       |       |       |       |   314 ||   314
Throw: Throwing net      |       |       |       |     1 |     1 |       |       |     1 |     2 ||     5
       Javelin           |       |       |       |       |     1 |     3 |       |       |       ||     4
 Cast: Beastly Appendage |       |       |       |       |     8 |     1 |       |       |       ||     9
       Regeneration      |       |       |       |       |     1 |    10 |    32 |    25 |   110 ||   178
       Statue Form       |       |       |       |       |    20 |    69 |    57 |    53 |   368 ||   567
       Dragon Form       |       |       |       |       |       |     1 |     3 |     2 |       ||     6
       Song of Slaying   |       |       |       |       |       |     8 |    29 |    23 |   100 ||   160
       Shroud of Golubri |       |       |       |       |       |     7 |    29 |    24 |    98 ||   158
       Irradiate         |       |       |       |       |       |       |       |     1 |     8 ||     9
       Shatter           |       |       |       |       |       |       |       |       |    21 ||    21
       Blink             |       |       |       |       |       |       |       |       |     7 ||     7
       Bolt of Magma     |       |       |       |       |       |       |       |       |     1 ||     1
       Borgnjor's Vile C |       |       |       |       |       |       |       |       |     1 ||     1
Invok: Slouch            |       |       |       |       |     2 |     3 |     2 |     5 |    15 ||    27
       Step From Time    |       |       |       |       |       |       |     2 |       |     2 ||     4
 Abil: Evoke Ratskin     |       |       |       |       |       |       |       |       |     3 ||     3
Evoke: Wand              |       |       |       |       |     1 |     7 |       |       |    24 ||    32
       Lightning rod     |       |       |       |       |       |       |       |       |     7 ||     7
       Lamp of fire      |       |       |       |       |       |       |       |       |     6 ||     6
       Fan of gales      |       |       |       |       |       |       |       |       |     2 ||     2
       Box of beasts     |       |       |       |       |       |       |       |       |     2 ||     2
       Phial of floods   |       |       |       |       |       |       |       |       |     1 ||     1
       Phantom mirror    |       |       |       |       |       |       |       |       |     1 ||     1
  Use: Scroll            |       |     1 |     1 |    15 |    11 |    20 |       |    25 |    51 ||   124
       Potion            |       |       |     4 |       |     3 |       |     1 |     4 |    21 ||    33
 Stab: Sleeping          |       |    16 |     2 |    11 |    22 |     7 |    12 |     4 |    12 ||    86
       Distracted        |       |     1 |     2 |       |     3 |     5 |     4 |     4 |    37 ||    56
       Paralysed         |       |       |       |       |       |     5 |       |       |     1 ||     6
       Invisible         |       |       |       |       |       |       |     3 |       |     1 ||     4
       Petrified         |       |       |       |       |       |       |       |     1 |       ||     1
       Confused          |       |       |       |       |       |       |       |       |     1 ||     1
  Eat: Chunk             |     4 |     9 |     5 |     9 |    21 |    28 |    22 |    32 |    39 ||   169
       Ration            |       |       |       |       |     1 |     2 |     1 |     1 |    24 ||    29
Armor: Robe              |    15 |    47 |    44 |     8 |       |       |       |       |       ||   114
       Troll leather arm |       |       |       |    55 |   116 |    33 |    20 |    26 |    15 ||   265
       Skin              |       |       |       |       |    81 |   315 |   204 |   241 |  1278 ||  2119
       Acid dragon scale |       |       |       |       |       |       |       |       |   204 ||   204
Dodge: Dodged            |    43 |   193 |   234 |   527 |  1212 |  1790 |  1438 |  1321 |  9250 || 16008
       Deflected         |       |     5 |     3 |     4 |    17 |    35 |    48 |    30 |     8 ||   150
Block: Buckler           |       |    16 |    83 |   245 |   544 |   685 |   513 |   509 |  6729 ||  9324
       Reflection        |       |       |       |       |       |       |       |     1 |    68 ||    69
